 Dungeon Crawl Stone Soup version 0.28-a0-1613-gdaab1c2f9b (webtiles) character file.

Game seed: 492495590689058321

10371 issech the Basher (level 11, -7/96 HPs)
             Began as a Troll Fighter on Jan 22, 2022.
             Was an Elder of Hepliaklqana.
             Killed from afar by an ice dragon (49 damage)
             ... with a blast of cold
             ... on level 1 of the Lair of Beasts.
             The game lasted 00:52:49 (9284 turns).

issech the Basher (Troll Fighter)                   Turns: 9284, Time: 00:52:51

Health: -7/96      AC:  8    Str: 26    XL:     11   Next: 35%
Magic:  10/10      EV: 10    Int:  4    God:    Hepliaklqana [****..]
Gold:   461        SH: 14    Dex: 13    Spells: 10/10 levels left

rFire   . . .      SeeInvis +   g - +0 mace (spect)
rCold   . . .      Faith    .   a - +0 tower shield
rNeg    . . .      Spirit   .   w - +0 steam dragon scales
rPois   .          Reflect  .   (helmet restricted)
rElec   .          Harm     .   r - +0 cloak
rCorr   .          Rampage  .   (gloves unavailable)
Will    +....                   (boots unavailable)
Stlth   ++........              t - amulet of the acrobat
HPRegen 1.06/turn               s - ring of see invisible
MPRegen 0.12/turn               u - ring of willpower

@: mighty
A: reduced essence, large, unfitting armour, claws 3, regeneration 1, shaggy fur
1, tough skin 1
a: Renounce Religion, Recall Ancestor, Ancestor Identity, Transference, Idealise


You were on level 1 of the Lair of Beasts.
You worshipped Hepliaklqana.
Hepliaklqana was greatly pleased with you.
You visited 3 branches of the dungeon, and saw 11 of its levels.

You collected 461 gold pieces.

Inventory:

Hand Weapons
 g - a +0 spectral mace (weapon)
 I - a +4 scimitar
 L - a +3 whip of protection
 R - a +0 shortbow
 T - a +5 spear of pain
 U - a +2 flail of protection
Missiles
 f - 367 stones
 m - 10 atropa-tipped darts
 o - 47 bolts
 C - 12 boomerangs
 F - 128 arrows
 H - 6 javelins (quivered)
 J - 9 sling bullets
 K - 20 poisoned darts
 Q - 2 throwing nets
 V - a curare-tipped dart
Armour
 a - a +0 tower shield (worn)
 c - a +0 kite shield
 r - a +0 cloak (worn)
 w - +0 steam dragon scales (worn)
 y - a +0 robe of cold resistance
Jewellery
 s - a ring of see invisible (left claw)
 t - an amulet of the acrobat (around neck)
 u - a ring of willpower (right claw)
 G - a ring of resist corrosion
Wands
 b - a wand of polymorph (12)
 l - a wand of flame (23)
 O - a wand of iceblast (6)
Scrolls
 q - 2 scrolls of fear
 v - 4 scrolls of magic mapping
 A - a scroll of torment
 E - a scroll of teleportation
 M - a scroll of fog
 Z - a scroll of immolation
Potions
 e - 5 potions of curing
 h - 2 potions of resistance
 i - 2 potions of degeneration
 j - 3 potions of mutation {unknown}
 k - 2 potions of haste {unknown}
 n - a potion of invisibility {unknown}
 p - 2 potions of lignification {unknown}
 x - a potion of flight
 z - 3 potions of heal wounds {unknown}
 B - a potion of cancellation {unknown}
 D - a potion of attraction {unknown}


   Skills:
 + Level 6.5 Fighting
 + Level 9.3 Maces & Flails
 + Level 0.3 Throwing
 + Level 7.6 Dodging
 + Level 3.4 Stealth
 + Level 7.4 Shields


You had 10 spell levels left.
You didn't know any spells.
Your spell library contained the following spells:

 Spells                   Type           Power      Damage    Failure   Level
 Pain                     Necr           0%         1d4       96%         1
 Ensorcelled Hibernation  Hex/Ice        0%         N/A       99%         2
 Passwall                 Tmut/Erth      0%         N/A       99%         2
 Swiftness                Air            0%         N/A       100%        3
 Agony                    Necr           0%         N/A       100%        5
 Excruciating Wounds      Necr           0%         N/A       100%        5


Dungeon Overview and Level Annotations

Branches:
Dungeon (9/15)             Temple (1/1) D:4            Lair (1/6) D:9
    Orc: D:9-12

Altars:
Ashenzari
Dithmenos
Elyvilon
Fedhas
Gozag
Hepliaklqana
Kikubaaqudgha
Makhleb
Nemelex Xobeh
Okawaru
Ru
Sif Muna
Trog
Uskayaw
Vehumet
Xom
Yredelemnul
Zin

Shops:
D:1 :   D:8 !

Annotations:
D:4 Natasha


Innate Abilities, Weirdness & Mutations

Your life essence is reduced to manifest your ancestor. (-10% HP)
You are too large for most types of armour.
You have claws for hands.
Your natural rate of healing is unusually fast.
You are covered in fur. (AC +1)
You have tough skin. (AC +1)


Message History

Melek hits the ice dragon with a +0 quarterstaff.
As you read the scroll of teleportation, it crumbles to dust.
You feel strangely unstable. The ice dragon bites you!
* * * LOW HITPOINT WARNING * * *
The ice dragon completely misses you. You block the ice dragon's attack.
The ice dragon breathes frost at you. The blast of cold misses you.
Melek hits the ice dragon with a +0 quarterstaff!
Your surroundings suddenly seem different.
Okay, then.
You start resting.
HP restored.
The ice dragon breathes frost at you. The blast of cold misses you.
The ice dragon breathes frost at you. The blast of cold hits you!!
You feel very mighty all of a sudden.
Melek points at the ice dragon and mumbles some strange words.
The puff of frost hits the ice dragon.
The ice dragon completely resists.
You block the ice dragon's attack. The ice dragon claws you!
The ice dragon tramples you!
You stumble backwards!
You hit the ice dragon but do no damage.
Your +0 spectral mace barely misses the ice dragon.
The ice dragon bites you.
The ice dragon claws you but does no damage.
The ice dragon tramples you!
You stumble backwards!
You sock the ice dragon!
The ice dragon is lightly wounded.
Your +0 spectral mace hits the ice dragon.
The ice dragon closely misses you.
The ice dragon claws you but does no damage.
The ice dragon tramples you.
You hold your ground!
Melek hits the ice dragon with a +0 quarterstaff!
You hit the ice dragon.
The ice dragon is moderately wounded.
Your +0 spectral mace hits the ice dragon but does no damage.
The ice dragon breathes frost at you. The blast of cold hits you!!!
Ouch! That really hurt!
You die...

#.## ###
####.# #.#
#.# ##.# #.#
#..# #..
##..## ##P
##....## ##
#......# #
##......# #
#......@## #
#.:..RD..# #
##≈≈...(..# #
#≈≈≈≈.....# #
#≈≈≈≈≈≈..≈# #
#≈≈.≈≈≈≈≈≈# #
##...≈≈≈≈≈≈≈#
#...≈≈≈≈≈≈≈#
#..$$≈≈≈≈≈≈≈#


You could see the friendly Melek the battlemage, an ice dragon (catching breath,
ally target) and a friendly +0 spectral mace (summoned).

Vanquished Creatures
  2 centaur zombies
  A black mamba (Lair:1)
  2 cane toads (Lair:1)
  Grinder (D:5)
  Eustachio (D:3)
  9 yaks
  2 acid dragons
  A water moccasin (D:4)
  An orc warrior (D:8)
  2 ice beasts
  A sky beast (D:6)
  2 black bears
  2 necrophages (D:5)
  An ogre (D:5)
  5 centaurs
  3 wolves (Lair:1)
  2 phantoms
  2 kobold brigands (D:8)
  2 bullfrogs
  2 scorpions
  5 wights
  A howler monkey (D:5)
  A bullfrog zombie (D:4)
  A hound (D:5)
  2 jellies
  A bullfrog skeleton (D:7)
  An orc priest (D:7)
  A centaur skeleton (D:7)
  A gnoll shaman (D:6)
  An iguana (D:4)
  Jessica (D:3)
  Natasha (twice) (D:4)
  Ijyb (D:3)
  8 orc wizards
  A hound skeleton (D:5)
  7 gnolls
  4 adders
  A worm (D:2)
  3 dart slugs
  26 orcs
  5 ball pythons
  7 endoplasms
  4 giant cockroaches
  4 goblins
  9 hobgoblins
  14 kobolds
  3 quokkas
  7 bats
  A frilled lizard (D:2)
  4 rats (D:1)
171 creatures vanquished.

Vanquished Creatures (collateral kills)
  A two-headed ogre (D:8)
  A cane toad (Lair:1)
  A troll (D:9)
  Prince Ribbit (D:8)
  11 yaks
  A wyvern (D:6)
  A steam dragon (D:9)
  2 water moccasins
  A black bear (Lair:1)
  2 centaurs
  A kobold brigand (D:6)
  2 bullfrogs
  A gnoll sergeant (D:7)
  A scorpion (D:6)
  3 wights (D:7)
  4 orc priests
  A hound (D:7)
  An orc wizard (D:9)
  2 killer bee zombies
  A hound skeleton (D:5)
  4 gnolls
  8 orcs
  7 kobolds
  A bush (D:9)
59 creatures vanquished.

Vanquished Creatures (others)
  6 battlemagi
  8 fungi (Lair:1)
  A plant (Lair:1)
15 creatures vanquished.

Grand Total: 245 creatures vanquished

Notes
Turn   | Place    | Note
-------+----------+-------------------------------------------
     0 | D:1      | issech the Troll Fighter began the quest for the Orb.
     0 | D:1      | Reached XP level 1. HP: 22/22 MP: 0/0
   199 | D:1      | Reached XP level 2. HP: 29/29 MP: 1/1
   318 | D:1      | Reached skill level 2 in Maces & Flails
   522 | D:1      | Reached XP level 3. HP: 35/36 MP: 2/2
   529 | D:1      | Found Edweleow's Book Boutique.
  1551 | D:3      | Noticed Ijyb
  1600 | D:3      | Killed Ijyb
  1601 | D:3      | Reached XP level 4. HP: 44/44 MP: 3/3
  1790 | D:3      | Noticed Jessica
  1801 | D:3      | Killed Jessica
  1802 | D:3      | Reached skill level 3 in Maces & Flails
  1869 | D:3      | Found a hide-covered altar of Uskayaw.
  1878 | D:3      | Found an ancient bone altar of Kikubaaqudgha.
  1885 | D:3      | Found a shimmering altar of Xom.
  2199 | D:4      | Reached XP level 5. HP: 44/53 MP: 4/4
  2395 | D:4      | Noticed Natasha
  2401 | D:4      | Killed Natasha
  2407 | D:4      | Noticed a water moccasin
  2415 | D:4      | Killed a water moccasin
  2416 | D:4      | Reached XP level 6. HP: 57/61 MP: 5/5
  2429 | D:4      | Found a staircase to the Ecumenical Temple.
  2437 | Temple   | Entered the Ecumenical Temple
  2450 | Temple   | Became a worshipper of Hepliaklqana the Forgotten
  2603 | D:4      | Noticed Natasha
  2608 | D:4      | Reached skill level 4 in Maces & Flails
  2614 | D:4      | Killed Natasha
  2692 | D:4      | Noticed Eustachio
  2782 | D:3      | Killed Eustachio
  2783 | D:3      | Reached XP level 7. HP: 54/67 MP: 6/6
  2798 | D:4      | Noticed Natasha
  3012 | D:5      | Entered Level 5 of the Dungeon
  3251 | D:5      | Reached skill level 5 in Maces & Flails
  3251 | D:5      | Reached skill level 1 in Stealth
  3251 | D:5      | Reached XP level 8. HP: 47/78 MP: 7/7
  3521 | D:5      | Reached * piety under Hepliaklqana
  3641 | D:5      | Noticed Grinder
  3660 | D:5      | Reached skill level 6 in Maces & Flails
  3670 | D:5      | Killed Grinder
  4049 | D:5      | Found a burning altar of Makhleb.
  4055 | D:5      | Reached skill level 5 in Dodging
  4643 | D:6      | Reached XP level 9. HP: 78/78 MP: 8/8
  4782 | D:6      | Reached skill level 5 in Fighting
  4879 | D:6      | Found a sparkling altar of Nemelex Xobeh.
  4934 | D:6      | Reached skill level 5 in Shields
  5029 | D:6      | Reached ** piety under Hepliaklqana
  5030 | D:6      | Remembered your ancestor Melek as a battlemage
  5046 | D:6      | Reached skill level 7 in Maces & Flails
  5065 | D:6      | Found a radiant altar of Vehumet.
  5601 | D:7      | Found a broken altar of Ashenzari.
  6031 | D:8      | Noticed Prince Ribbit
  6047 | D:8      | Killed Prince Ribbit
  6048 | D:8      | Reached XP level 10. HP: 85/88 MP: 9/9
  6182 | D:8      | Found Waakosho's Distillery.
  6600 | D:8      | Reached skill level 8 in Maces & Flails
  6736 | D:8      | Noticed a two-headed ogre
  6837 | D:8      | Killed a two-headed ogre
  7087 | D:9      | Reached *** piety under Hepliaklqana
  7383 | D:9      | Found a sacrificial altar of Ru.
  7753 | D:9      | Reached XP level 11. HP: 65/94 MP: 10/10
  7776 | D:9      | Reached skill level 9 in Maces & Flails
  7960 | D:9      | Found a staircase to the Lair.
  8306 | Lair:1   | Entered Level 1 of the Lair of Beasts
  9068 | Lair:1   | Reached **** piety under Hepliaklqana
  9085 | Lair:1   | Noticed an ice dragon
  9284 | Lair:1   | Killed from afar by an ice dragon

Illustrated notes

Levels and vault maps discovered:
D:1:      dpeg_arrival_tiny_i, layout_basic, serial_shops, nicolae_shop_stone,
          kennysheep_decorative_pillar
D:2:      layout_loops_ring
D:3:      layout_basic, grunt_temple_overflow_diamond, uniq_jessica, uniq_ijyb
D:4:      layout_cave_pools, minmay_temple_entry_enclosed_plants,
          uniq_eustachio, uniq_natasha
D:5:      layout_layer_cave, makhleb_blood_cavern_becter, uniq_grinder
D:6:      layout_cave_pools, kennysheep_little_box,
          lemuel_coloured_pillars_altar
D:7:      layout_basic, old_standard_altar, st_stairs_3
D:8:      layout_gridville, serial_shops, nicolae_stop_n_shop_1,
          uniq_prince_ribbit1
D:9:      layout_basic, mainiacjoe_overflow_small_starburst, lair_entry_dummy,
          minmay_misc_feat_plants
Temple:   compressed_dpeg_circular_temple
Lair:1:   dragon1_lemuel, layout_loops_ring, nicolae_quartered_pool_impasse,
          grunt_megastairs_5

Skill      XL: |  1  2  3  4  5  6  7  8  9 10 11 |
---------------+----------------------------------+-----
Maces & Flails | 2 3 4 5 6 7 8 9 |  9.3
Fighting       | 3 4 5 6 |  6.5
Dodging        | 3 4 5 6 7 |  7.6
Shields        | 3 4 5 6 7 |  7.4
Stealth        | 1 2 3 |  3.4
Throwing       | |  0.3

Action                   |  1- 3 |  4- 6 |  7- 9 | 10-12 || total
-------------------------+-------+-------+-------+-------++-------
Melee: Flail             |    26 |       |       |       ||    26
       Mace              |    88 |    66 |   196 |   123 ||   473
Throw: Stone             |     7 |       |       |       ||     7
       Javelin           |       |       |       |     4 ||     4
Invok: Ancestor Life: Ba |       |       |     1 |       ||     1
       Ancestor Identity |       |       |     1 |       ||     1
  Use: Scroll            |     5 |     5 |     2 |     4 ||    16
       Potion            |       |       |       |     1 ||     1
 Stab: Distracted        |       |       |     4 |     3 ||     7
Armor: Robe              |    57 |    19 |    39 |    18 ||   133
       Steam dragon scal |       |       |       |     9 ||     9
Dodge: Dodged            |    52 |    32 |    92 |    49 ||   225
Block: Kite shield       |    49 |    29 |   111 |       ||   189
       Tower shield      |       |       |     9 |   101 ||   110

Table legend: (Time is in decaauts)
 A = Elapsed time spent in this place.
 B = Non-inter-level travel time spent in this place.
 C = Inter-level travel time spent in this place.
 D = Time resting spent in this place.
 E = Time spent auto-exploring this place.
 F = Levels seen in this place.
 G = Mean time per level.
                   A        B        C        D        E       F      G
               +--------+--------+--------+--------+--------+-----+--------+
         Total |   9437 |   8986 |    451 |    234 |   4338 |  11 |  857.9 |
       Dungeon |   8333 |   7882 |    451 |    163 |   3914 |   9 |  925.9 |
        Temple |    114 |    114 |      0 |      0 |     52 |   1 |  114.0 |
          Lair |    989 |    989 |      0 |     71 |    372 |   1 |  989.0 |
               +--------+--------+--------+--------+--------+-----+--------+

Top non-repeatable levels by time:
     D:5: 1614 daAuts
     D:9: 1262 daAuts
     D:8: 1032 daAuts
  Lair:1: 989 daAuts
     D:1: 940 daAuts
     D:7: 789 daAuts
     D:4: 712 daAuts
     D:2: 680 daAuts
     D:6: 656 daAuts
     D:3: 646 daAuts
  Temple: 114 daAuts
